 Dungeon Crawl Stone Soup version 0.24.0-28-g17ded55e90 (webtiles) character file.

Game seed: 5362004636775584232, levelgen mode: deterministic

185 DildoBatman the Conjurer (level 5, -1/35 HPs)
             Began as a Formicid Wizard on Nov 12, 2019.
             Succumbed to an adder's poison
             ... on level 3 of the Dungeon.
             The game lasted 00:11:32 (2765 turns).

DildoBatman the Conjurer (Formicid Wizard)          Turns: 2765, Time: 00:11:33

Health: -1/35      AC:  3    Str: 12    XL:     5   Next: 96%
Magic:  3/9        EV: 12    Int: 18    God:
Gold:   116        SH:  0    Dex:  9    Spells: 3/10 levels left

rFire    + + .     SeeInvis +   a - +2 spear
rCold    x . .     Gourm    .   (no shield)
rNeg     . . .     Faith    .   A - +0 robe
rPois    .         Spirit   .   (helmet unavailable)
rElec    .         Reflect  .   (no cloak)
rCorr    .         Harm     .   (no gloves)
MR       .....                  i - +0 pair of boots
Stlth    +.........             (no amulet)
HPRegen  0.11/turn              p - ring of protection from fire
MPRegen  0.11/turn              x - ring of fire

@: lethally poisoned (-1 -> -14), very slow
A: permanent stasis, dig shafts and tunnels, four strong arms, antennae 3
a: Dig, Shaft Self


You were on level 3 of the Dungeon.
You were hungry.

You visited 1 branch of the dungeon, and saw 3 of its levels.

You collected 116 gold pieces.

Inventory:

Hand Weapons
 a - a +2 spear (weapon)
 b - a +0 hunting sling
 f - a +0 short sword
Missiles
 c - 26 poisoned darts
 n - 45 arrows
 s - 117 stones (quivered)
 w - 43 sling bullets
Armour
 i - a +0 pair of boots (worn)
 q - a +2 buckler
 A - a +0 robe (worn)
Jewellery
 p - a ring of protection from fire (left hand)
 x - a ring of fire (right hand)
Scrolls
 o - 2 scrolls of fog
 r - a scroll of remove curse {unknown}
 u - 2 scrolls of enchant armour
 y - a scroll of fear {unknown}
 C - a scroll of teleportation {unknown}
Potions
 d - a potion of berserk rage {unknown}
 e - 2 potions of degeneration {unknown}
 h - a potion of agility {unknown}
 j - 2 potions of might {unknown}
 k - 2 potions of flight {unknown}
 m - 3 potions of curing {unknown}
 t - a potion of resistance {unknown}
 B - a potion of mutation {unknown}
 D - a potion of heal wounds {unknown}
Comestibles
 l - 2 chunks of flesh
 v - 5 rations


   Skills:
 - Level 1.7 Dodging
 - Level 2.4 Stealth
 - Level 3.2 Spellcasting
 * Level 4.9 Conjurations
   Level 1.0 Summonings
   Level 0.8 Translocations


You had 3 spell levels left.
You knew the following spells:

 Your Spells              Type           Power        Failure   Level  Hunger
a - Conjure Flame         Conj/Fire      ###.....     17%         3    ###....
c - Magic Dart            Conj           ###.         2%          1    None
e - Mephitic Cloud        Conj/Pois/Air  #.......     24%         3    ###....

Your spell library contained the following spells:

 Spells                   Type           Power        Failure   Level  Hunger
 Call Imp                 Summ           #.......     16%         2    ##.....
 Slow                     Hex            #.......     24%         2    ##.....
 Blink                    Tloc           Unusable     N/A         2    N/A

Dungeon Overview and Level Annotations

Branches:
Dungeon (3/15)

Altars:

Annotations:
D:1 Natasha
D:2 1 exclusion, Grinder, Ijyb
D:3 1 exclusion


Innate Abilities, Weirdness & Mutations

You cannot be hasted, slowed, berserked, paralysed or teleported.
You can dig through walls and to a lower floor.
Your four strong arms can wield two-handed weapons with a shield.
You have a pair of large antennae on your head. (SInv)


Message History

The adder bites you but does no damage. The adder bites you.
The adder misses you. The adder bites you but does no damage.
The adder bites you.
You are poisoned.
The adder poisons you! The adder bites you.
You are lethally poisoned!
The adder poisons you!
You feel sick. The adder closely misses you.
You feel sick. The adder bites you. The adder bites you but does no damage.
You feel sick. The adder bites you.
You are more poisoned.
The adder poisons you!
You die...

##.#
#############÷##
#.......).$..##
#............#
#.....≈.....)#
#(.≈≈≈≈≈.≈..#
#####≈#≈#≈≈†#
#≈≈≈≈≈≈≈≈≈.#
#@########.#######
#≈≈S≈≈≈#≈#......r.
####≈#w#≈#......##
#≈≈≈≈#≈#≈#...##.#
#≈##≈#w#≈#...##.##
# ≈≈#†#≈#....#...
≈##≈#≈#........ #≈
#≈≈≈#........ #≈
#≈###...#....


You could see a worm and an adder.

Vanquished Creatures
  A hound skeleton (D:3)
  A river rat (D:3)
  5 adders
  An ooze (D:2)
  An adder zombie (D:3)
  An adder skeleton (D:3)
  2 worms
  5 dart slugs
  10 leopard geckos
  4 orcs (D:3)
  A ball python (D:2)
  3 giant cockroaches (D:1)
  5 goblins
  6 hobgoblins
  7 jackals
  5 kobolds
  2 quokkas
  4 bats
  6 frilled lizards
  A jackal zombie (D:3)
  10 rats
81 creatures vanquished.

Notes
Turn   | Place    | Note
-------+----------+-------------------------------------------
     0 | D:1      | DildoBatman the Formicid Wizard began the quest for the
                  | Orb.
     0 | D:1      | Reached XP level 1. HP: 13/13 MP: 4/4
    94 | D:1      | Reached skill level 1 in Conjurations
   363 | D:1      | Reached XP level 2. HP: 18/19 MP: 0/6
   396 | D:1      | Reached skill level 2 in Conjurations
   678 | D:1      | Reached XP level 3. HP: 16/24 MP: 0/7
   683 | D:1      | Learned a level 3 spell: Conjure Flame
   743 | D:1      | Learned a level 3 spell: Mephitic Cloud
  1099 | D:2      | Reached skill level 3 in Conjurations
  1189 | D:2      | Reached XP level 4. HP: 18/30 MP: 0/8
  2057 | D:3      | Noticed Natasha
  2057 | D:3      | Noticed Grinder
  2057 | D:3      | Noticed Ijyb
  2145 | D:3      | Reached skill level 4 in Conjurations
  2145 | D:3      | Reached XP level 5. HP: 15/35 MP: 9/9
  2764 | D:3      | HP: 1/35 [adder (3)]
  2765 | D:3      | Succumbed to an adder's poison

Levels and vault maps discovered:
D:1:      minmay_arrival_nine_rooms, layout_basic, minmay_indecisive_spiral
D:2:      layout_loops_ring, kennysheep_generic_room_3
D:3:      layout_loops_ring, tgw_sif, chequers_ecumenical_altar_island,
          serial_undead, serial_undead_f, serial_undead_d, serial_undead_a,
          serial_undead_c, lightli_sewer_entry_pipes, uniq_natasha,
          uniq_grinder, uniq_ijyb, uniq_jessica

Skill      XL: |  1  2  3  4 |
---------------+-------------+-----
Conjurations   | 1 2 3 4 |  4.9
Dodging        | |  1.7
Stealth        | |  2.4
Spellcasting   | |  3.2
Summonings     | |  1.0
Translocations | |  0.8

Action                   |  1- 3 |  4- 6 || total
-------------------------+-------+-------++-------
Melee: Short sword       |    22 |       ||    22
       Spear             |       |    61 ||    61
 Fire: Hunting sling     |       |     9 ||     9
 Cast: Magic Dart        |    67 |    91 ||   158
       Mephitic Cloud    |       |     5 ||     5
       Conjure Flame     |       |     1 ||     1
 Abil: Dig               |     1 |     4 ||     5
  Use: Scroll            |       |     6 ||     6
 Stab: Sleeping          |       |     1 ||     1
  Eat: Chunk             |     1 |     5 ||     6
Armor: Robe              |     5 |    22 ||    27
Dodge: Dodged            |    24 |    84 ||   108
